 Dungeon Crawl Stone Soup version 0.29.1-15-g9cfb28693d (webtiles) character file.

Game seed: 16154948477266291175

605 protoss039 the Sneak (level 7, -1/40 HPs)
             Began as a Vampire Enchanter on Mar 28, 2023.
             Slain by Grum
             ... wielding a -1 halberd
              (16 damage)
             ... on level 6 of the Dungeon.
             The game lasted 00:04:32 (3667 turns).

protoss039 the Sneak (Vampire Enchanter)            Turns: 3667, Time: 00:04:33

Health: -1/40      AC:  6    Str:  7    XL:     7   Next: 19%
Magic:  1/11       EV: 12    Int: 17    God:
Gold:   208        SH:  0    Dex: 17    Spells: 4/12 levels left

rFire   . . .      SeeInvis +   a - +1 dagger
rCold   + + .      Faith    .   (no shield)
rNeg    + + +      Spirit   .   k - +0 leather armour
rPois   ∞          Reflect  .   e - +0 helmet
rElec   .          Harm     .   (no cloak)
rCorr   .          Rampage  .   j - +0 pair of gloves
Will    .....                   r - +0 pair of boots
Stlth   +++++.....              g - amulet of magic regeneration
HPRegen 0.00/turn               (no ring)
MPRegen 0.52/turn               (no ring)

@: confusing by touch, very slightly contaminated, bloodless, inhibited regen
A: bloodless, fangs 3, see invisible, vampiric 2
a: Bat Form, Revivify


You were on level 6 of the Dungeon.
You visited 1 branch of the dungeon, and saw 6 of its levels.

You collected 208 gold pieces.

Inventory:

Hand Weapons
 a - a +1 dagger (weapon)
Armour
 e - a +0 helmet (worn)
 j - a +0 pair of gloves (worn)
 k - a +0 leather armour (worn)
 r - a +0 pair of boots (worn)
Jewellery
 g - an amulet of magic regeneration (around neck)
 u - a ring of protection from fire
Scrolls
 d - 2 scrolls of amnesia {unknown}
 m - a scroll of magic mapping {unknown}
 n - 3 scrolls of identify {unknown}
 p - a scroll of acquirement {unknown}
 q - 2 scrolls of teleportation {unknown}
 s - a scroll of enchant weapon {unknown}
 t - 3 scrolls of torment {unknown}
 v - 2 scrolls of vulnerability {unknown}
 w - a scroll of noise {unknown}
 x - a scroll of immolation {unknown}
Potions
 b - 2 potions of ambrosia {unknown}
 c - a potion of invisibility
 f - a potion of heal wounds {unknown}
 h - a potion of degeneration {unknown}
 i - a potion of flight {unknown}
 l - a potion of curing {unknown}
 o - a potion of haste {unknown}


   Skills:
 * Level 2.7 Fighting
 + Level 2.5 Short Blades
 * Level 2.1 Armour
 + Level 3.3 Dodging
 * Level 6.7 Stealth
 - Level 3.0 Spellcasting
 + Level 5.4 Hexes
 * Level 2.5 Ice Magic


You had 4 spell levels left.
You knew the following spells:

 Your Spells              Type           Power      Damage    Failure   Level
a - Ensorcelled Hibernat  Hex/Ice        32%        N/A       8%          2
b - Confusing Touch       Hex            20%        N/A       9%          3
c - Tukima's Dance        Hex            20%        N/A       9%          3

Your spell library contained the following spells:

 Spells                   Type           Power      Damage    Failure   Level
 Dazzling Flash           Conj/Hex       22%        N/A       26%         3


Dungeon Overview and Level Annotations

Branches:
Dungeon (7/15) Zot: 26862
 Temple: D:4-7

Altars:

Shops:
D:1 ?

Annotations:
D:6 Grum


Innate Abilities, Weirdness & Mutations

You do not regenerate when monsters are visible.
You are frail without blood (-20% HP).
You can heal yourself when you bite living creatures.
You are immune to poison.
You have razor-sharp teeth.
You have supernaturally acute eyesight. (SInv)
You are afflicted with vampirism and can become a bat while bloodless.


Message History

Casting: Ensorcelled Hibernation (safe; 8% risk of failure)
Confirm with . or Enter, or press ? or * to list all spells.
Aiming: Ensorcelled Hibernation (safe; 8% risk of failure)
Press: ? - help, Shift-Dir - straight line, f/p - Grum
Aim: Grum, wielding a -1 halberd and wearing a +0 animal skin (chance to affect: 58%) Grum resists with significant effort.
Grum hits you with a -1 halberd!
Unknown command.
Casting: Ensorcelled Hibernation (safe; 8% risk of failure)
Confirm with . or Enter, or press ? or * to list all spells.
Aiming: Ensorcelled Hibernation (safe; 8% risk of failure)
Press: ? - help, Shift-Dir - straight line, f/p - Grum
Aim: Grum, wielding a -1 halberd and wearing a +0 animal skin (chance to affect: 58%)
You miscast Ensorcelled Hibernation.
Nothing appears to happen.
Grum misses you.
Casting: Ensorcelled Hibernation (safe; 8% risk of failure)
Confirm with . or Enter, or press ? or * to list all spells.
Aiming: Ensorcelled Hibernation (safe; 8% risk of failure)
Press: ? - help, Shift-Dir - straight line, f/p - Grum
Aim: Grum, wielding a -1 halberd and wearing a +0 animal skin (chance to affect: 58%) Grum resists with significant effort.
The hound bites you but does no damage. Grum hits you with a -1 halberd.
Unknown command.
Casting: Ensorcelled Hibernation (safe; 8% risk of failure)
Confirm with . or Enter, or press ? or * to list all spells.
Aiming: Ensorcelled Hibernation (safe; 8% risk of failure)
Press: ? - help, Shift-Dir - straight line, f/p - Grum
Aim: Grum, wielding a -1 halberd and wearing a +0 animal skin (chance to affect: 58%) Grum looks drowsy...
The hound misses you. The hound bites you but does no damage.
Unknown command.
The helpless Grum fails to defend himself.
You bite Grum, and draw his blood!
You feel better.
You impale Grum!!
Grum is almost dead.
The hound bites you but does no damage. Grum hits you with a -1 halberd!
Unknown command.
Casting: Ensorcelled Hibernation (safe; 8% risk of failure)
Confirm with . or Enter, or press ? or * to list all spells.
Your hands begin to glow red.
The hound bites you. Grum hits you with a -1 halberd!
You die...

#............
#....†.....#
#....†....#
#....†...##
#........#
#....##..##
#...####..#+++#..
#..##.g'.........
#.. #..@h..).....
#.. ####.........
#.. .......... #
...........
########.... ####


You could see Grum and a hound.

Vanquished Creatures
  Sigmund (D:3)
  A black bear (D:4)
  3 howler monkeys (D:7)
  4 hounds
  5 adders
  A gnoll (D:1)
  An ufetubus (D:6)
  2 orcs
  2 endoplasms
  2 giant cockroaches
  6 goblins
  5 hobgoblins
  2 quokkas (D:1)
  5 ball pythons
  4 bats (D:1)
  4 frilled lizards
  10 kobolds
  7 rats
65 creatures vanquished.

Vanquished Creatures (others)
  A bat (D:1)
  A giant cockroach (D:1)
2 creatures vanquished.

Grand Total: 67 creatures vanquished

Notes
Turn   | Place    | Note
-------+----------+-------------------------------------------
     0 | D:1      | protoss039 the Vampire Enchanter began the quest for the
                  | Orb.
     0 | D:1      | Reached XP level 1. HP: 13/13 MP: 3/3
   225 | D:1      | Found Yblusmex's Magic Scroll Shoppe.
   234 | D:1      | Reached XP level 2. HP: 20/20 MP: 5/5
   237 | D:1      | Learned a level 2 spell: Ensorcelled Hibernation
   996 | D:1      | Reached skill level 1 in Fighting
   996 | D:1      | Gained mutation: You are afflicted with vampirism and can
                  | become a bat while bloodless. [Vampire growth]
   996 | D:1      | Reached XP level 3. HP: 26/26 MP: 0/6
  1356 | D:1      | Learned a level 3 spell: Confusing Touch
  1686 | D:2      | Reached skill level 5 in Stealth
  1991 | D:2      | Reached XP level 4. HP: 25/25 MP: 7/7
  2009 | D:2      | Learned a level 3 spell: Tukima's Dance
  2289 | D:2      | Found a faded altar of an unknown god.
  2885 | D:3      | Noticed Sigmund
  2902 | D:3      | Killed Sigmund
  2903 | D:3      | Reached skill level 1 in Armour
  2903 | D:3      | Reached skill level 1 in Ice Magic
  2903 | D:3      | Reached XP level 5. HP: 23/30 MP: 7/9
  3215 | D:4      | Noticed a black bear
  3219 | D:4      | Reached skill level 6 in Stealth
  3219 | D:4      | Reached skill level 5 in Hexes
  3219 | D:4      | Reached XP level 6. HP: 35/35 MP: 8/10
  3357 | D:4      | You fall into a shaft and drop 3 floors!
  3534 | D:6      | Reached XP level 7. HP: 40/40 MP: 11/11
  3659 | D:6      | Noticed Grum
  3667 | D:6      | Slain by Grum

Illustrated notes

Levels and vault maps discovered:
D:1:      kennysheep_arrival_forest, layout_basic, serial_shops,
          nicolae_shop_waterfront, roderic_roman_lattice, lemuel_flame_loot_1
D:2:      layout_basic, hellmonk_ecumenical_altar_inner_sanctum
D:3:      layout_rooms, lemuel_coloured_pillars_altar, uniq_sigmund
D:4:      layout_basic
D:6:      layout_cave_pools, worldfamousw_hep_ancestral_shrine,
          serial_gnoll_camp, gnoll_camp_mini_hut, gnoll_camp_mini_sergeant,
          gnoll_camp_mini_hut, gnoll_camp_mini_hut, grums_kennel,
          gnoll_camp_mini_hut, uniq_prince_ribbit1
D:7:      layout_loops_ring, grunt_qazlal_clouds, mainiacjoe_overflow_swirl,
          minmay_temple_entry_junction

Skill      XL: |  1  2  3  4  5  6  7 |
---------------+----------------------+-----
Fighting       | 1 2 |  2.7
Stealth        | 5 6 |  6.7
Short Blades   | 2 |  2.5
Armour         | 1 2 |  2.1
Spellcasting   | 3 |  3.0
Ice Magic      | 1 2 |  2.5
Dodging        | 3 |  3.3
Hexes          | 5 |  5.4

Action                   |  1- 3 |  4- 6 |  7- 9 || total
-------------------------+-------+-------+-------++-------
Melee: Dagger            |    92 |    36 |     6 ||   134
       Bite              |     6 |     1 |       ||     7
 Cast: Ensorcelled Hiber |    16 |    13 |    10 ||    39
       Confusing Touch   |       |     1 |     1 ||     2
 Abil: Exsanguinate      |     1 |       |       ||     1
  Use: Potion            |     1 |       |       ||     1
 Stab: Sleeping          |    26 |    20 |     4 ||    50
       Invisible         |     1 |       |       ||     1
Armor: Robe              |     7 |       |       ||     7
       Leather armour    |     9 |     7 |     6 ||    22
Dodge: Dodged            |    41 |    12 |    10 ||    63
